 Dungeon Crawl Stone Soup version 0.30-a0-908-g5a111fc481 (webtiles) character file.

Game seed: 13817794971972360920

1008 mopl the Magician (level 8, -12/57 HPs)
             Began as a Black Draconian Earth Elementalist on Mar 19, 2023.
             Mangled by a komodo dragon (26 damage)
             ... on level 6 of the Dungeon.
             The game lasted 00:05:56 (3968 turns).

mopl the Magician (DrEE)                            Turns: 3968, Time: 00:05:57

Health: -12/57     AC: 11    Str: 18    XL:     8   Next: 1%
Magic:  9/16       EV: 12    Int: 20    God:
Gold:   127        SH:  0    Dex: 13    Spells: 16/17 levels left

rFire   + . .      SeeInvis .    q - +8 hand axe of Causality {holy, *Noise Str+8}
rCold   . . .      Faith    .    (no shield)
rNeg    . . .      Spirit   .    (body armour unavailable)
rPois   .          Reflect  .    y - +2 hat {Int+3}
rElec   +          Rampage  .    v - +1 cloak
rCorr   .                        (no gloves)
Will    .....                    z - +0 pair of boots
Stlth   ++                       (no amulet)
HPRegen 0.29/turn                b - ring of protection from fire
MPRegen 0.15/turn                (no ring)

@: no status effects
A: breathe lightning, AC +6, unfitting armour, electricity resistance,
cold-blooded
a: Breathe Lightning


You were on level 6 of the Dungeon.
You visited 1 branch of the dungeon, and saw 6 of its levels.

You collected 197 gold pieces.
You spent 70 gold pieces at shops.

Inventory:

Hand Weapons
 c - a +0 dagger
 q - the +8 hand axe of Causality (weapon) {holy, *Noise Str+8}
   (You found it on level 2 of the Dungeon)

   Str:       It affects your strength (+8).
   *Noise:    It may make noises in combat.
Missiles
 f - 3 boomerangs
 j - 8 poisoned darts
Armour
 v - a +1 cloak (worn)
 y - a +2 hat of intelligence (worn)
 z - a +0 pair of boots (worn)
Jewellery
 b - a ring of protection from fire (left hand)
 s - a ring of fire
Wands
 C - a wand of charming (3)
Scrolls
 d - a scroll of amnesia {unknown}
 h - 3 scrolls of enchant weapon {unknown}
 m - 4 scrolls of teleportation {unknown}
 o - 2 scrolls of noise {unknown}
 p - 5 scrolls of identify {unknown}
 r - 3 scrolls of immolation
 u - 2 scrolls of poison {unknown}
 w - a scroll of silence {unknown}
 A - a scroll of vulnerability {unknown}
 D - 2 scrolls of summoning {unknown}
 E - 2 scrolls of blinking {unknown}
 F - a scroll of magic mapping {unknown}
Potions
 a - 2 potions of magic
 e - 2 potions of attraction {unknown}
 g - 3 potions of heal wounds {unknown}
 i - 2 potions of lignification {unknown}
 k - 3 potions of flight {unknown}
 l - 5 potions of curing {unknown}
 n - a potion of resistance {unknown}
 t - a potion of cancellation {unknown}
 x - 2 potions of haste {unknown}
 B - 2 potions of berserk rage {unknown}


   Skills:
 - Level 1.7 Dodging
 - Level 1.7 Stealth
 + Level 5.4 Spellcasting
 - Level 5.0 Transmutations
 + Level 5.1 Earth Magic


You had 16 spell levels left.
You knew the following spells:

 Your Spells              Type           Power      Damage    Failure   Level
a - Sandblast             Erth           52%        2d12      1%          1

Your spell library contained the following spells:

 Spells                   Type           Power      Damage    Failure   Level
 Passwall                 Tmut/Erth      20%        N/A       1%          2
 Sting                    Tmut/Pois      60%        1d6       4%          1
 Magic Dart               Conj           20%        1d4       11%         1
 Summon Small Mammal      Summ           20%        N/A       11%         1
 Stone Arrow              Conj/Erth      30%        3d8       12%         3
 Petrify                  Tmut/Erth      25%        N/A       14%         4
 Blink                    Tloc           10%        N/A       17%         2
 Call Imp                 Summ           5%         N/A       17%         2
 Cigotuvi's Dreadful Rot  Necr/Pois/Air  10%        N/A       17%         2
 Poisonous Vapours        Pois/Air       10%        N/A       17%         2
 Call Canine Familiar     Summ           5%         N/A       32%         3
 Gell's Gravitas          Tloc           5%         N/A       32%         3
 Mephitic Cloud           Conj/Pois/Air  5%         N/A       32%         3
 Summon Guardian Golem    Hex/Summ       5%         N/A       32%         3
 Teleport Other           Tloc           5%         N/A       32%         3
 Manifold Assault         Tloc           5%         N/A       73%         4
 Olgreb's Toxic Radiance  Pois           5%         N/A       73%         4
 Dispersal                Tloc           2%         N/A       100%        6
 Storm Form               Tmut/Air       7%         N/A       100%        7


Dungeon Overview and Level Annotations

Branches:
Dungeon (6/15)             Temple (0/1) D:4

Altars:
Fedhas
Makhleb
Okawaru
Trog
Wu Jian
Xom
Yredelemnul
The Shining One

Shops:
D:3 *   D:4 (

Annotations:
D:3 2 transporters
D:4 Dowan, Duvessa


Innate Abilities, Weirdness & Mutations

You can breathe wild blasts of lightning.
Your glossy black scales are hard. (AC +6)
You cannot fit into any form of body armour.
You are resistant to electric shocks. (rElec)
You are cold-blooded and may be slowed by cold attacks.


Message History

Items here: )))) [ รทรท.
You see here a +0 short sword.
Found a stone staircase leading down.
Found a stone staircase leading down.
Found a club.
A komodo dragon comes into view.
The komodo dragon hisses angrily.
The blast of sand hits the komodo dragon.
The komodo dragon is lightly wounded.
The blast of sand hits the komodo dragon.
The komodo dragon is moderately wounded.
The blast of sand hits the komodo dragon but does no damage.
The komodo dragon is moderately wounded.
The komodo dragon bites you but does no damage.
The komodo dragon completely misses you.
The blast of sand hits the komodo dragon.
The komodo dragon is moderately wounded.
The komodo dragon bites you!!
The blast of sand hits the komodo dragon.
The komodo dragon is moderately wounded.
The komodo dragon bites you but does no damage.
The komodo dragon closely misses you.
The blast of sand hits the komodo dragon.
The komodo dragon is heavily wounded.
The komodo dragon barely misses you.
The blast of sand hits the komodo dragon but does no damage.
The komodo dragon is heavily wounded.
The komodo dragon barely misses you. The komodo dragon bites you!
* * * LOW HITPOINT WARNING * * *
You are too injured to fight recklessly!
You are too injured to fight recklessly!
Casting: Sandblast (safe; 1% risk of failure)
Confirm with . or Enter, or press ? or * to list all spells.
Aiming: Sandblast (safe; 1% risk of failure)
Press: ? - help, Shift-Dir - straight line, f/p - komodo dragon
Aim: a komodo dragon (heavily wounded, 87% to hit)
The blast of sand hits the komodo dragon.
The komodo dragon is heavily wounded.
The komodo dragon bites you!!
You die...

# .## #.#
#######.###
##........?##
#...........#
##..........##
#.......@...#
#........l..#
#.......>...#
##...........#
#...........#
#.............
##..........#.#
###.......)...###
.#
###..##........


You could see a komodo dragon.

Vanquished Creatures
  A scorpion (D:6)
  A bullfrog (D:6)
  4 wights
  A howler monkey (D:4)
  6 hounds
  3 jellies
  3 iguanas
  A sleepcap (D:6)
  3 orc wizards (D:6)
  9 adders
  3 white imps
  An ufetubus (D:5)
  3 dart slugs
  9 orcs
  4 ball pythons
  6 endoplasms
  7 giant cockroaches
  8 goblins
  4 hobgoblins
  2 jackals (D:1)
  3 quokkas
  6 bats
  2 frilled lizards
  3 kobolds
  2 rats
95 creatures vanquished.

Vanquished Creatures (others)
  11 fungi (D:3)
11 creatures vanquished.

Grand Total: 106 creatures vanquished

Notes
Turn   | Place    | Note
-------+----------+-------------------------------------------
     0 | D:1      | mopl the Draconian Earth Elementalist began the quest for
                  | the Orb.
     0 | D:1      | Reached XP level 1. HP: 14/14 MP: 3/3
   152 | D:1      | Reached XP level 2. HP: 20/20 MP: 3/5
   302 | D:1      | You fall into a shaft and drop 1 floor!
   341 | D:2      | Reached XP level 3. HP: 26/26 MP: 4/6
   351 | D:2      | Reached skill level 2 in Transmutations
   845 | D:2      | Identified the +8 hand axe of Causality {holy, *Noise
                  | Str+8}
  1252 | D:3      | Found a basalt altar of Yredelemnul.
  1300 | D:3      | Reached XP level 4. HP: 33/33 MP: 3/8
  1318 | D:3      | Found a faded altar of an unknown god.
  1392 | D:3      | Found a transporter.
  1484 | D:3      | Found a transporter.
  1535 | D:3      | Found Zino's Assorted Antiques.
  1539 | D:3      | Bought a scroll labelled BUUFFU ULISM for 19 gold pieces
  1539 | D:3      | Bought a dark potion for 17 gold pieces
  1539 | D:3      | Bought a lumpy grey potion for 17 gold pieces
  1539 | D:3      | Bought a lumpy grey potion for 17 gold pieces
  1749 | D:4      | Reached skill level 3 in Spellcasting
  1787 | D:4      | Found a staircase to the Ecumenical Temple.
  1842 | D:4      | Found Ebluk's Weapon Emporium.
  1911 | D:4      | Reached skill level 4 in Earth Magic
  1911 | D:4      | Reached XP level 5. HP: 38/38 MP: 3/9
  2156 | D:4      | Noticed Duvessa
  2156 | D:4      | Noticed Dowan
  2352 | D:5      | Entered Level 5 of the Dungeon
  2362 | D:5      | Reached skill level 3 in Transmutations
  2537 | D:5      | Found a bloodstained altar of Trog.
  2562 | D:5      | Reached XP level 6. HP: 45/45 MP: 4/11
  2807 | D:5      | Found a burning altar of Makhleb.
  2851 | D:5      | Reached skill level 4 in Spellcasting
  2888 | D:5      | Found a blossoming altar of Fedhas.
  2895 | D:5      | Found a glowing golden altar of the Shining One.
  2898 | D:5      | Found a shimmering altar of Xom.
  2898 | D:5      | Found an iron altar of Okawaru.
  2905 | D:5      | Found an ornate altar of the Wu Jian Council.
  3357 | D:6      | Reached skill level 4 in Transmutations
  3357 | D:6      | Reached skill level 5 in Earth Magic
  3462 | D:6      | Your scales start taking on a glossy black colour.
  3462 | D:6      | Reduced skill Earth Magic to level 4
  3462 | D:6      | Reached XP level 7. HP: 49/50 MP: 5/13
  3462 | D:6      | Gained mutation: You are resistant to electric shocks.
                  | (rElec) [Black Draconian growth]
  3598 | D:6      | Reached skill level 5 in Spellcasting
  3598 | D:6      | Reached skill level 5 in Transmutations
  3613 | D:6      | Reached skill level 5 in Earth Magic
  3739 | D:6      | Reached XP level 8. HP: 51/57 MP: 11/16
  3958 | D:6      | Noticed a komodo dragon
  3968 | D:6      | Mangled by a komodo dragon

Illustrated notes

Levels and vault maps discovered:
D:1:      dpeg_arrival_erosion, layout_rooms
D:2:      minmay_wonky_spiral, layout_loops_ring
D:3:      gammafunk_steamed_eel, layout_rooms, mainiacjoe_overflow_chevrons,
          hellmonk_ecumenical_altar_blasted, serial_shops, shop,
          chequers_serial_rivers_room_b
D:4:      layout_gridville, minmay_temple_entry_steel_oval, serial_shops,
          nicolae_shop_bloodbath_and_beyond, nrook_loot_triangle, uniq_duvessa
D:5:      layout_loops_ring, mainiacjoe_overflow_large_starburst,
          nicolae_overflow_hallway_of_the_gods, kennysheep_small_spiral
D:6:      layout_cave_pods

Skill      XL: |  1  2  3  4  5  6  7 |
---------------+----------------------+-----
Transmutations | 2 3 4 5 |  5.0
Spellcasting   | 3 4 5 |  5.4
Earth Magic    | 4 4 5 |  5.1
Dodging        | |  1.7
Stealth        | |  1.7

Action                     |  1- 3 |  4- 6 |  7- 9 || total
---------------------------+-------+-------+-------++-------
  Melee: Dagger            |    43 |     5 |       ||    48
         Unarmed           |    11 |       |       ||    11
         Tailslap          |     6 |     4 |     2 ||    12
         Hand axe          |       |    16 |    33 ||    49
         Punch             |       |       |     1 ||     1
   Cast: Sandblast         |    52 |    75 |    40 ||   167
   Stab: Sleeping          |       |     1 |       ||     1
 Armour: Skin              |    40 |    33 |    31 ||   104
  Dodge: Dodged            |    76 |    63 |    41 ||   180

Table legend: (Time is in decaauts)
 A = Elapsed time spent in this place.
 B = Non-inter-level travel time spent in this place.
 C = Inter-level travel time spent in this place.
 D = Time resting spent in this place.
 E = Time spent auto-exploring this place.
 F = Levels seen in this place.
 G = Mean time per level.
                   A        B        C        D        E       F      G
               +--------+--------+--------+--------+--------+-----+--------+
         Total |   4074 |   3873 |    201 |    414 |   2604 |   6 |  679.0 |
       Dungeon |   4074 |   3873 |    201 |    414 |   2604 |   6 |  679.0 |
               +--------+--------+--------+--------+--------+-----+--------+

Top non-repeatable levels by time:
     D:5: 1008 daAuts
     D:2: 741 daAuts
     D:6: 667 daAuts
     D:3: 586 daAuts
     D:4: 546 daAuts
     D:1: 523 daAuts
